Map: [ESL] Oceanborn

Players

GuMiho - Winner!

  • Race: Terran Terran
  • Spawn Location: 11:00

Astrea

  • Race: Protoss Protoss
  • Spawn Location: 5:00

Event: ESL SC2 Masters 2023 Winter (Finals)

VOD

Have the link to the VOD?

Description

Time

  • Played on: Dec. 15, 2023, 1:33 p.m.
  • Length: 9:49

All games in this series

Show
View Real Time Build Order
Export as new Build Order

GuMiho Terran - Winner!

Build Orders:  

Get SALT Encoding   

  12  0:00  SCV  
  13  0:12  SCV  
  14  0:17  Supply Depot  
  14  0:24  SCV  
  15  0:39  SCV  
  15  0:40  Barracks  
  16  0:45  Refinery  
  16  0:51  SCV  
  17  1:03  SCV  
  18  1:08  Refinery  
  18  1:15  SCV  
  19  1:27  Orbital Command  
  19  1:29  Reaper  
  20  1:37  Supply Depot  
  20  1:52  Factory  
  20  1:53  SCV  
  21  2:05  SCV  
  22  2:09  Barracks Tech Lab, Supply Depot  
  22  2:17  SCV  
  23  2:27  Marauder, Concussive Shells  
  23  2:29  SCV  
  26  2:35  Hellion  
  28  2:41  Starport  
  28  2:42  SCV  
  29  2:49  Marauder  
  31  2:54  SCV  
  31  2:57  Hellion  
  34  3:06  SCV  
  34  3:10  Marauder  
  37  3:18  SCV  
  38  3:33  Factory Reactor  
  38  3:34  Command Center  
  38  3:36  Supply Depot  
  38  3:39  SCV  
  39  3:58  Medivac  
  39  3:59  Barracks  
  39  4:00  Barracks  
  39  4:01  SCV  
  38  4:11  Cyclone  
  38  4:13  SCV  
  41  4:25  SCV  
  41  4:28  Liberator  
  44  4:37  SCV  
  45  4:43  Cyclone  
  47  4:46  Orbital Command, Cyclone  
  47  4:48  Barracks Reactor, Barracks Tech Lab  
  47  4:49  SCV  
  50  4:57  Engineering Bay  
  50  5:01  SCV  
  51  5:13  SCV  
  52  5:14  Starport Reactor, SCV  
  52  5:17  Cyclone, Refinery  
  52  5:18  Cyclone  
  57  5:26  SCV  
  57  5:27  SCV  
  55  5:28  Marine  
  55  5:29  Marine x2  
  55  5:30  Bunker  
  55  5:31  Stimpack  
  56  5:37  Terran Infantry Weapons Level 1  
  56  5:38  SCV  
  56  5:39  SCV  
  58  5:46  Marine x2  
  58  5:47  Marine  
  61  5:50  SCV  
  61  5:56  Supply Depot  
  62  5:58  Supply Depot  
  62  6:01  Factory Tech Lab  
  62  6:11  Marine  
  62  6:15  Marine x4  
  62  6:18  Medivac x2  
  71  6:22  Supply Depot x2, SCV x2  
  73  6:28  Siege Tank, Refinery  
  73  6:30  Marine  
  77  6:33  Marine x4  
  77  6:34  SCV x2  
  83  6:43  Missile Turret  
  83  6:46  SCV x2  
  85  6:47  Marine  
  85  6:51  Marine x4  
  90  7:01  Siege Tank, Command Center  
  93  7:11  Marine x2  
  93  7:12  Barracks  
  93  7:13  Barracks  
  93  7:14  Marine  
  93  7:15  Marine x2  
  97  7:19  Combat Shield  
  97  7:21  SCV  
  99  7:23  SCV  
  99  7:28  Marine  
  99  7:29  Supply Depot  
  101  7:33  SCV  
  101  7:47  Marauder, Marine x2  
  101  7:48  Marine  
  101  7:51  SCV x2  
  102  8:06  Marine x2  
  102  8:08  Marine x2  
  102  8:09  Marauder  
  106  8:13  Barracks Tech Lab, Widow Mine  
  106  8:14  Barracks Reactor  
  106  8:15  SCV x2  
  91  8:28  Marine x2  
  91  8:30  Marauder  
  91  8:31  Marine x2  
  91  8:33  Marauder  
  91  8:34  SCV x2  
  91  8:36  Orbital Command  
  91  8:38  Widow Mine  
  93  8:42  Armory  
  93  8:46  SCV, Marine x2  
  93  8:47  Liberator  
  99  8:49  Marine x2  
  99  8:51  Liberator  
  99  8:52  Marauder  
  106  8:57  SCV  
  106  8:58  SCV  
  108  9:09  SCV, Marauder  
  111  9:12  Marine x4  
  111  9:13  Marauder  
  111  9:17  Widow Mine x2  
  121  9:22  SCV x3  
  121  9:25  Supply Depot  
  121  9:26  Supply Depot  
  121  9:27  Supply Depot  
Show
View Real Time Build Order
Export as new Build Order

Astrea Protoss 

Build Orders: 1 Gate Expand 

Get SALT Encoding   

  12  0:00  Probe  
  13  0:12  Probe  
  14  0:17  Pylon  
  14  0:24  Probe (Chrono Boost)  
  15  0:37  Probe (Chrono Boost)  
  15  0:38  Gateway  
  16  0:43  Probe (Chrono Boost)  
  17  0:50  Assimilator  
  17  0:51  Probe  
  18  1:03  Probe  
  19  1:15  Probe  
  20  1:25  Cybernetics Core  
  20  1:36  Nexus  
  22  1:50  Pylon  
  23  1:54  Probe  
  23  2:02  Stalker (Chrono Boost)  
  23  2:03  Assimilator  
  23  2:08  Probe, Warp Gate  
  24  2:20  Probe  
  24  2:28  Adept (Chrono Boost)  
  26  2:32  Probe  
  27  2:43  Gateway  
  27  2:44  Probe  
  27  2:50  Probe  
  30  2:57  Shield Battery  
  31  2:59  Probe (Chrono Boost)  
  31  3:02  Probe (Chrono Boost)  
  32  3:10  Stalker (Chrono Boost)  
  32  3:13  Shield Battery  
  32  3:16  Probe (Chrono Boost)  
  32  3:17  Probe (Chrono Boost)  
  32  3:26  Probe  
  31  3:29  Probe  
  32  3:37  Shield Battery  
  32  3:39  Probe  
  34  3:41  Probe  
  33  3:51  Probe  
  33  3:53  Probe  
  35  4:02  Stalker x2  
  34  4:03  Probe  
  34  4:05  Probe  
  36  4:15  Probe  
  36  4:17  Probe  
  37  4:26  Stalker x2  
  37  4:27  Probe  
  37  4:29  Probe  
  43  4:33  Pylon  
  43  4:35  Robotics Facility  
  43  4:40  Pylon  
  43  4:43  Probe  
  43  4:45  Probe  
  45  4:54  Shield Battery  
  45  4:55  Probe  
  45  4:57  Probe  
  45  4:59  Shield Battery  
  44  5:07  Probe  
  44  5:09  Probe  
  42  5:19  Probe (Chrono Boost)  
  44  5:21  Probe (Chrono Boost)  
  44  5:32  Twilight Council, Assimilator, Probe (Chrono Boost)  
  44  5:33  Observer, Probe (Chrono Boost)  
  44  5:35  Assimilator  
  47  5:39  Probe x2 (Chrono Boost)  
  49  5:46  Probe  
  49  5:47  Probe  
  51  5:52  Pylon, Stalker x2  
  54  5:58  Probe  
  54  6:02  Observer  
  54  6:03  Probe (Chrono Boost)  
  58  6:13  Templar Archives  
  58  6:14  Charge  
  58  6:15  Probe x2 (Chrono Boost)  
  59  6:21  Probe (Chrono Boost)  
  59  6:23  Probe (Chrono Boost)  
  59  6:24  Gateway  
  61  6:29  Gateway  
  61  6:32  Zealot  
  63  6:33  Psionic Storm  
  62  6:55  Observer  
  62  6:56  High Templar  
  62  6:57  Probe x2  
  66  7:06  Observer  
  66  7:09  Probe  
  66  7:10  High Templar  
  66  7:12  Nexus  
  66  7:14  Pylon, Probe  
  70  7:25  Pylon  
  70  7:32  Probe  
  70  7:33  High Templar, Stalker x2  
  70  7:35  Pylon  
  77  7:40  Probe  
  76  7:48  Zealot  
  75  7:52  Pylon  
  75  7:53  Pylon  
  75  7:55  Pylon  
  73  8:05  Stalker x2  
  75  8:17  Observer  
  75  8:18  Cybernetics Core  
  75  8:19  Immortal (Chrono Boost)  
  75  8:27  Archon  
  75  8:31  Zealot x2  
  67  8:39  Probe x2  
  69  8:47  Observer, Gateway  
  68  8:49  Warp Prism (Chrono Boost)  
  68  8:51  Gateway  
  68  8:54  Gateway  
  69  8:55  High Templar x2  
  72  9:04  Gateway  
  74  9:30  Zealot x2  
  72  9:41  Archon  
  72  9:44  Pylon  
Tags
 
Add a new tag
Caveats
  • Supply blocks, unpowered buildings, or Contaminate may cause inaccurate times.
  • Supply counts are checked every 10 seconds.